[Event "Superbet Rapid Poland 2022"]
[Site "Warsaw"]
[Date "2022.05.20"]
[Round "4.3"]
[White "Wojtaszek, Radoslaw"]
[Black "Duda, Jan-Krzysztof"]
[Result "0-1"]
[ECO "B06"]
[WhiteElo "2696"]
[BlackElo "2750"]
[Annotator "TA"]
[PlyCount "144"]
[EventDate "2022.05.19"]
[EventType "tourn"]
[EventCountry "POL"]
[SourceTitle "playchess.com"]
[Source "ChessBase"]
[SourceQuality "1"]
[TimeControl "1500+10"]

1. d4 g6 2. e4 Bg7 3. Nf3 d6 4. Bc4 e6 5. O-O Nd7 6. Re1 {[%emt 0:00:15] B06: Modern Defence.} a6 7. a4 b6 8. Nbd2 {[%emt 0:00:28] White is slightly better.} Bb7 9. Nf1 {[%emt 0:00:17] [#]} Ngf6 $146 ({Predecessor:} 9... Ne7 10. Ng3 O-O 11. h4 d5 12. exd5 Nxd5 13. h5 c5 14. h6 Bh8 15. c3 Qc7 {0-1 (81) Vakhlamov,I (2413)-Chernomordik,P (2177) Chess.com INT 2021}) 10. Bd3 O-O 11. Ng3 c5 12. c3 Qc7 13. Qe2 Rfc8 14. Bd2 c4 15. Bc2 b5 16. Ra2 Nb6 17. e5 dxe5 18. Nxe5 Bd5 ({Don't do} 18... Nxa4 19. Bxa4 bxa4 20. Rxa4 $14) 19. a5 Nbd7 20. Bf4 $132 {[%emt 0:00:02][%cal Oe5g6][%mdl 2048] White is not keeping still} Qb7 21. f3 Nxe5 22. Bxe5 Qe7 23. Ne4 Rd8 24. Qd2 Ra7 25. Raa1 Nh5 {[%emt 0:01:40] And now ...Bxe5 would win.} 26. Bxg7 Kxg7 27. Qe3 Bxe4 28. Qxe4 (28. fxe4 $11 e5 29. d5) 28... Nf6 $15 29. Qe5 Rd5 30. Qf4 b4 $1 31. Bd1 Rb5 32. Be2 Nd5 33. Qe5+ Nf6 34. Qf4 bxc3 35. bxc3 Rb3 (35... Nd5 $17 36. Qe5+ f6) 36. Qd2 Rc7 37. Ra4 Ra3 38. Ra1 Rxa1+ 39. Rxa1 e5 (39... Qd7 $15) 40. Qe3 Nd5 41. Qxe5+ (41. Qd2 $15) 41... Qxe5 $17 42. dxe5 Nxc3 $15 {[%emt 0:00:11][%mdl 4096] Endgame KRB-KRN} 43. Bf1 ({White should play} 43. Kf2 $15) 43... Nb5 {[%emt 0:00:11] Black is more active.} (43... Nd5 $17 {White must now prevent ...c3.} 44. Rc1 c3) 44. Kf2 $11 Rc5 45. f4 Nd4 46. Rc1 ({Wrong is} 46. Ra4 $2 c3 $1 47. Bd3 (47. Rxd4 $2 c2 $19) 47... c2 48. Bxc2 Rxc2+ $19) 46... c3 47. Bxa6 Nb3 48. Rc2 Nd4 49. Rc1 Nb3 50. Rc2 Nxa5 51. Ke3 (51. Bd3 $11) 51... Nc6 $1 $15 52. Rc1 Nb4 53. Bd3 Na2 (53... c2 $5 54. Be4 Rc4 $15) 54. Rc2 Nb4 55. Rc1 c2 {[%emt 0:00:05] aiming for ...Rc3.} 56. Be4 $1 Rc4 57. g4 Kf8 58. h4 Ke7 59. f5 gxf5 60. Bxf5 h6 61. h5 (61. g5 $11 {remains equal.}) 61... f6 ({Better is} 61... Rc5 $17 62. Kf4 Kf8) 62. e6 $11 Kd6 63. Kd2 Rf4 64. Ke3 {[%emt 0:00:05] Against Rf2} Rc4 65. Kd2 Rf4 66. Ke3 {[%emt 0:00:01] Inhibits Rf2.} Nd5+ 67. Kd3 Rf2 68. Kd4 (68. Kc4 $11) 68... Rd2+ $17 69. Ke4 {[%emt 0:00:31] [#]} (69. Kc4 $17 {was worth a try.}) 69... Nb4 $1 $19 {[%emt 0:00:07] Threatens to win with ...Rd1.} 70. g5 $2 (70. Kf3) 70... fxg5 {[%emt 0:00:03] Hoping for ...Rd1. Black is clearly winning.} 71. Bg4 {[%emt 0:00:08] Inhibits Rd1.} Na2 72. Ke3 Rg2 {[%emt 0:00:08] Weighted Error Value: White=0.11 (very precise) /Black=0.10 (very precise)} 0-1

[Event "Superbet Rapid Poland 2022"]
[Site "Warsaw"]
[Date "2022.05.20"]
[Round "4.4"]
[White "So, Wesley"]
[Black "Aronian, Levon"]
[Result "1/2-1/2"]
[ECO "E04"]
[WhiteElo "2766"]
[BlackElo "2765"]
[Annotator "TA"]
[PlyCount "155"]
[EventDate "2022.05.19"]
[EventType "tourn"]
[EventCountry "POL"]
[SourceTitle "playchess.com"]
[Source "ChessBase"]
[SourceQuality "1"]
[TimeControl "1500+10"]

1. Nf3 d5 2. g3 c5 3. Bg2 Nc6 4. d4 Nf6 5. O-O e6 6. c4 dxc4 7. dxc5 Qxd1 8. Rxd1 Bxc5 9. Nbd2 c3 10. bxc3 O-O 11. Nb3 Be7 12. c4 Bd7 13. Bb2 {[%emt 0:00:02] E04: Open Catalan: 5 Nf3.} Rfd8 14. Nfd4 Rac8 15. Nb5 b6 16. Nd6 Rc7 17. Ba3 Ne5 18. Nb5 Bxb5 19. Rxd8+ Bxd8 20. cxb5 {[%emt 0:00:01] Threatens to win with Bd6.} Nc4 {[%emt 0:00:54] Inhibits Bd6.} 21. Bb4 Be7 22. Bxe7 Rxe7 23. Rc1 Nd6 24. Nd4 g5 25. Nc6 Rc7 26. a4 Kg7 {[%emt 0:00:17] [#]} 27. e3 $146 ({Predecessor:} 27. Rd1 Nb7 28. h3 Nc5 29. Rd4 Rd7 30. Rc4 Ne8 31. Kh2 h6 32. a5 Nd6 33. Rc1 Nxb5 34. Nxa7 Rxa7 35. axb6 Ra6 36. Rxc5 {½-½ (38) Boruchovsky,A (2531)-Vetoshko,V (2430) Pardubice 2016}) 27... Nb7 28. Kf1 Na5 29. Ke2 Nd7 30. f4 h6 31. h4 gxh4 32. gxh4 Kf8 33. Rd1 Kg7 34. Rd4 Nb3 {[%emt 0:01:04] Pair of Knights!} 35. Rc4 Ndc5 36. Ne5 f6 37. Nc6 Rd7 38. Nd4 Na5 39. Rxc5 bxc5 40. Nxe6+ $11 {[%emt 0:00:01][%mdl 4096] Endgame KRN-KBN} Kf7 41. Nxc5 Rc7 42. Bd5+ Ke7 43. Ne6 Rc2+ 44. Kd3 Rc1 45. Nd4 {[%emt 0:00:08] next Nf5+ is good for White.} Kf8 $2 (45... Kd6 $11 {and Black has nothing to worry.} 46. Bf7 Ke7) 46. Ke4 (46. h5 $18) 46... Rc3 $2 (46... Ke8 $16) 47. h5 $18 Kg7 48. Ne6+ (48. Nf5+ $142 Kh7 49. Bf7) 48... Kf7 49. Nd4+ (49. Kd4 Rc1 50. Ke4) 49... Kg7 50. Nc6 Nb7 51. Nxa7 (51. Kd4 $18 Ra3 52. a5) 51... Nc5+ $16 52. Kd4 Nxa4 53. b6 Rc1 $2 (53... Nxb6 $16 54. Kxc3 Nxd5+ 55. Kd4 Nc7) 54. b7 $18 Rd1+ 55. Kc4 $1 Rc1+ 56. Kb4 $2 (56. Kb5 $18 {has better winning chances.} Nc5 57. b8=Q Rb1+ 58. Kxc5 Rxb8 59. Nb5) 56... Nc5 $16 57. Nb5 Nd7 (57... Na6+ {is a better defense.} 58. Ka5 Nb8) 58. Nd4 $18 Kf8 (58... Rb1+ {keeps fighting.} 59. Kc3 Nc5) 59. Nf5 Rb1+ {[%emt 0:00:33] [#]} 60. Bb3 $1 Rh1 (60... Ke8 $142 61. Nxh6 Kd8 62. Nf7+ Kc7) 61. Kb5 ({Weaker is} 61. Nxh6 Rxh5 62. Nf5 Nb8 $16) (61. Bc2 $142) 61... Rxh5 $2 (61... Rb1) 62. e4 {[%emt 0:00:02] Hoping for Kc6.} Rh3 63. Bc4 $2 ({Not} 63. Be6 Nb8 $16) (63. Nd4 $18 {Black must now prevent Be6.} Rc3 64. Ba4) 63... Rc3 $16 64. Nxh6 {[%emt 0:00:28] White is more active.} Ke7 $2 (64... Nb8 $16 65. Bd5 Nd7) 65. Nf5+ $2 (65. Ng8+ $18 Kd8 {[#]} 66. Nxf6 $1 ) 65... Kd8 $11 {[%emt 0:00:01] The position is equal.} 66. Be6 {[%emt 0:00:00] And now Nd4 would win.} Nb8 67. Bd5 Kc7 68. Nd4 Rc1 69. Ne6+ Kd6 70. Nd4 Nd7 71. Nb3 Rf1 72. f5 Kc7 73. Be6 {[%emt 0:00:00] Bxd7 is the strong threat.} Rb1 74. Bd5 Rd1 75. Be6 Rb1 (75... Kxb7 76. Bxd7 Rxd7 77. Nc5+ Kc8 78. Nxd7 Kxd7 79. Kc4) 76. Bd5 Rd1 77. Be6 Rb1 (77... Kxb7 78. Bxd7 Rxd7 79. Nc5+ Kc8 80. Nxd7 Kxd7 81. Kc4) 78. Bd5 {[%emt 0:01:10] Black defended with fortune.  Weighted Error Value: White=0.39/Black=0.26 (precise)} 1/2-1/2

[Event "Superbet Rapid Poland 2022"]
[Site "Warsaw"]
[Date "2022.05.20"]
[Round "4.5"]
[White "Anand, Viswanathan"]
[Black "Shevchenko, Kirill"]
[Result "1-0"]
[ECO "B33"]
[WhiteElo "2751"]
[BlackElo "2644"]
[Annotator "TA"]
[PlyCount "75"]
[EventDate "2022.05.19"]
[EventType "tourn"]
[EventCountry "POL"]
[SourceTitle "playchess.com"]
[Source "ChessBase"]
[SourceQuality "1"]
[TimeControl "1500+10"]

1. e4 c5 2. Nf3 Nc6 3. d4 cxd4 4. Nxd4 Nf6 5. Nc3 e5 6. Ndb5 d6 7. Bg5 a6 8. Na3 b5 9. Nd5 Be7 10. Bxf6 Bxf6 11. c3 O-O 12. Nc2 Be6 13. h4 {[%emt 0:03:54] B33: Sicilian: Pelikan and Sveshnikov Variations.} Bxd5 14. Qxd5 Ne7 15. Qd3 {[%emt 0:00:09] White is slightly better.} d5 16. exd5 $5 {[%emt 0:01:04][%mdl 4] [#] An interesting side line.} (16. O-O-O $16) 16... e4 $146 (16... Qxd5 $11 17. Qxd5 Nxd5) ({Predecessor:} 16... Qxd5 17. Qxd5 Nxd5 18. O-O-O Nb6 19. g3 Rad8 20. Bg2 Nc4 21. Nb4 a5 22. Nc6 Rxd1+ 23. Rxd1 {1-0 (38) Jakubowski,K (2481)-Easton,J (2175) Chess.com INT 2020}) 17. Qxe4 $16 Re8 18. O-O-O Qb6 19. d6 (19. Bd3 $18 Ng6 20. Qf5) 19... Nc6 (19... Ng6 $16 20. Qb4 (20. Qf5 Re5 $16) 20... Qxf2) 20. Qf5 $18 {[%emt 0:00:47] aiming for Bd3.} Re5 21. Qf4 (21. Qf3 $18 {Threatens to win with Nb4.} Rf8 22. g4) 21... Rd8 22. Ne3 b4 23. Nc4 Qb7 {[%emt 0:01:47][%cal Ob4c3] ...bxc3! is the strong threat.} 24. cxb4 (24. Nxe5 Bxe5 25. Qc4 bxc3 26. bxc3 (26. b3 Qb6 $14) 26... Bxd6 $18) 24... Rb5 {[%emt 0:02:26] This move loses the game for Black.} (24... Qxb4 $16 25. Qd2 Qxd2+ 26. Rxd2 (26. Nxd2 Rd5 $16) (26. Kxd2 Rd5+ 27. Kc1 Rxd1+ 28. Kxd1 Ne5 $16) 26... Re1+ 27. Rd1 Rxd1+ 28. Kxd1 Ne5) 25. a3 {[%emt 0:01:07][%cal Ba2a3,Ba3a4][%mdl 32] Strongly threatening Ne3.} a5 26. Rh3 (26. Ne3 Rc5+ 27. Kb1 axb4 $14) 26... axb4 {[%emt 0:00:06] [#]} 27. a4 Rc5 28. Kb1 b3 29. Qe3 Qa7 30. d7 {[%emt 0:02:36] Threatening mate with Qe8+.} ({But not} 30. Qxb3 Rf5 31. Qa3 Rxf2) 30... g6 (30... Be7 $16 {was worth a try.}) 31. h5 {[%emt 0:00:41] White threatens Qe8+ and mate.} Ne5 $2 (31... Be7 32. hxg6 (32. Qxb3 Rxd7 33. hxg6 hxg6 $16) 32... hxg6) 32. Nxe5 Bxe5 33. Bb5 Qc7 34. Qxb3 Bf6 35. Rf3 Qe5 36. Qb4 Bg7 37. Re1 Rxb5 38. Rxe5 {[%emt 0:03:37] Weighted Error Value: White=0.22 (precise) /Black=0.70} (38. axb5 $142 Qb8 39. Qe7 Rf8 {[#]} 40. Rxf7 $3 Rxf7 41. d8=Q+ Qxd8 42. Qxd8+ Rf8 43. Re8) 1-0

[Event "Superbet Rapid Poland 2022"]
[Site "Warsaw"]
[Date "2022.05.20"]
[Round "5.1"]
[White "Shevchenko, Kirill"]
[Black "Korobov, Anton"]
[Result "1/2-1/2"]
[ECO "B84"]
[WhiteElo "2644"]
[BlackElo "2671"]
[Annotator "TA"]
[PlyCount "134"]
[EventDate "2022.05.19"]
[EventType "tourn"]
[EventCountry "POL"]
[SourceTitle "playchess.com"]
[Source "ChessBase"]
[SourceQuality "1"]
[TimeControl "1500+10"]

1. e4 c5 2. Nc3 d6 3. f4 Nc6 4. Nf3 a6 5. d4 cxd4 6. Nxd4 Nf6 7. Be2 e6 8. Be3 Be7 9. Qd2 O-O 10. O-O-O Qc7 11. g4 Nxd4 12. Bxd4 b5 13. g5 Nd7 14. a3 {[%emt 0:00:56] B84: Sicilian Scheveningen: 6 Be2 a6, lines without early Be3.} Rb8 (14... Nc5 $1 $14) 15. h4 {[%emt 0:01:24] [#]} (15. f5 $16 {[%cal Of5f6] Strongly threatening f6!} Ne5 16. Rhf1) 15... Qa5 $146 {[%emt 0:02:38] [#]} (15... b4 $14 16. axb4 Qb7) ({Predecessor:} 15... Bb7 16. Rhg1 Rfc8 17. h5 Nc5 18. Bd3 e5 19. Be3 a5 20. Kb1 b4 {0-1 (52) Rump,A (1801)-Winter,L (2016) Idstein 2009}) 16. Kb1 (16. f5 $1 $18 {[%cal Rf5f6] And now f6! would win.} exf5 17. exf5) 16... Bd8 17. Rh3 e5 18. Ba7 Rb7 19. Bg1 exf4 20. Qxf4 ({White should try} 20. Bg4 $16) 20... b4 {[%emt 0:01:11] [#]} (20... Ne5 $14 21. Rg3 (21. Rxd6 Ng6 $17) 21... b4 22. axb4 Rxb4) 21. axb4 $1 $16 Qxb4 22. b3 {[%emt 0:00:03] Active counter play!} Ne5 23. Nd5 Qa5 24. Rg3 Be6 25. Qd2 (25. Bd4 $16) 25... Qxd2 $14 26. Rxd2 a5 $1 27. Nc3 Be7 28. Ba6 Rb4 29. Kc1 f6 30. Nd5 (30. Be3 $11) 30... Bxd5 $15 31. Rxd5 fxg5 (31... Rxe4 $5 32. Rd4 Rxd4 33. Bxd4 fxg5 34. hxg5 Rf4 $15) 32. hxg5 a4 33. Rd4 Rxd4 (33... Rfb8 {with more complications.} 34. Rxb4 Rxb4 35. bxa4 Rxa4 36. Bb7 Kf7) 34. Bxd4 {[%emt 0:00:01] A strong pair of Bishops.} axb3 35. cxb3 Rb8 36. Bxe5 dxe5 $11 {[%emt 0:00:01][%mdl 4096] Endgame KRB-KRB} 37. Bc4+ Kf8 38. Kc2 Rb6 39. Rf3+ Ke8 40. Rf5 Kd8 41. Bf7 Rc6+ 42. Kd3 Rd6+ 43. Kc2 Rc6+ 44. Kd3 Rd6+ 45. Ke2 Rd7 46. Be6 Rd6 47. Bf7 Rd7 48. Bg8 h6 49. gxh6 ({Of course not} 49. Rxe5 Bxg5 50. Kf3 Rd3+ 51. Kg4 Rd6 $11) 49... gxh6 50. Rxe5 Rd4 51. Bd5 Bg5 52. Kf3 Kc7 53. Kg4 Rd1 54. Re6 Rf1 55. Kh5 Rf6 56. Re8 Kd7 57. Rb8 Kd6 58. b4 Be3 59. Re8 {[%emt 0:00:11] Black must now prevent e5+.} Kd7 60. Ra8 Rb6 61. Ra4 Bd2 {[%emt 0:00:16] The position is equal.} 62. e5 Rb5 63. Ra7+ Kd8 64. Ra8+ Ke7 65. Ra7+ Kd8 66. Ra5 Rxa5 67. bxa5 Bxa5 {[%emt 0:04:37] Blacks defense is rewarded with a draw.  Weighted Error Value: White=0.16 (very precise) /Black=0.17 (very precise)} 1/2-1/2

[Event "Superbet Rapid Poland 2022"]
[Site "Warsaw"]
[Date "2022.05.20"]
[Round "5.2"]
[White "Aronian, Levon"]
[Black "Anand, Viswanathan"]
[Result "0-1"]
[ECO "C24"]
[WhiteElo "2765"]
[BlackElo "2751"]
[Annotator "TA"]
[PlyCount "48"]
[EventDate "2022.05.19"]
[EventType "tourn"]
[EventCountry "POL"]
[SourceTitle "playchess.com"]
[Source "ChessBase"]
[SourceQuality "1"]
[TimeControl "1500+10"]

1. e4 e5 2. Bc4 Nf6 3. d3 Bc5 4. Nf3 d6 5. O-O O-O 6. c3 Bb6 7. Nbd2 {[%emt 0:00:18] C24: Bishop's Opening: 2...Nf6.} c6 8. Bb3 Re8 9. Re1 {[%emt 0:00:04] The position is equal.} Be6 (9... Bg4 {is more complex.} 10. Nf1 Nbd7 11. h3 Bh5) 10. Bc2 Nbd7 {[%emt 0:00:14] [#]} 11. d4 $146 ({Predecessor:} 11. h3 h6 12. d4 Qc7 13. Nf1 Nf8 14. Ng3 Ng6 15. Be3 Red8 16. Qc1 Qe7 17. a4 {½-½ (57) Ermenkov,E (2465)-Stefanov,K (2376) Borovetz 2008}) 11... Bg4 12. h3 Bh5 13. g4 Bg6 14. dxe5 Nxe5 15. Nxe5 Rxe5 16. Nc4 (16. Kg2 $1 $11 {was the only way to keep the balance.} d5 17. f4 Bxe4+ 18. Nxe4 Rxe4 19. Bxe4 Nxe4 20. Be3) 16... Nxe4 $17 17. Nxb6 $2 {[%emt 0:02:19][%mdl 8192] [#] Loses the game.} (17. Nxe5 $2 Nxf2 18. Qe2 Bxc2 $19) (17. Bxe4 $17 {is more resistant.} Rxe4 18. Nxb6 Rxe1+ 19. Qxe1 Qxb6 20. b3) 17... Nxf2 $1 $19 (17... axb6 18. Bxe4 Rxe4 19. f3 Rxe1+ 20. Qxe1 $17) 18. Qd2 (18. Kxf2 Qh4+ 19. Kg2 Rxe1 $19) 18... Qxb6 (18... Ne4 19. Rxe4 Qxb6+ 20. Rd4 $17) (18... Nxh3+ $142 19. Kh2 Qh4 20. Rxe5 dxe5 21. Nxa8 Bxc2 22. Qxc2 Ng5+ 23. Kg1 (23. Kg2 $2 Qh3+ 24. Kg1 Nf3+ 25. Kf2 Qh2+ 26. Kxf3 Qxc2 $19) 23... Nf3+ 24. Kf1 Qh1+ 25. Kf2 (25. Ke2 $2 Qg2+ 26. Ke3 Qxc2 $19) 25... Qh2+ 26. Kxf3 Qxc2) 19. Rxe5 {[%emt 0:01:32] Re2 is the strong threat.} Nxg4+ {[%emt 0:00:12][%mdl 64] Discovered Attack} (19... dxe5 $2 {is the wrong capture.} 20. Qxf2 Qxf2+ 21. Kxf2 Bxc2 22. Be3 $19) ({Not} 19... Nxh3+ 20. Kh2 dxe5 21. Kxh3 $17) 20. Kg2 $2 (20. Re3 Nxe3 21. Qxe3 Bxc2 22. Qxb6 axb6 23. a3) 20... Nxe5 {[%emt 0:00:04] Black is clearly winning.} 21. Bxg6 hxg6 ({Don't blunder} 21... fxg6 $2 22. Qe2 $19) 22. Qxd6 Qb5 {[%emt 0:00:22] [#] ( -> ...Qe2+)} 23. Qd1 {[%emt 0:00:11] Inhibits Qe2+.} Nd3 24. b3 Qd5+ {[%emt 0:00:11] Weighted Error Value: White=0.91/Black=0.17 (very precise)} 0-1

[Event "Superbet Rapid Poland 2022"]
[Site "Warsaw"]
[Date "2022.05.20"]
[Round "5.3"]
[White "Duda, Jan-Krzysztof"]
[Black "So, Wesley"]
[Result "0-1"]
[ECO "C65"]
[WhiteElo "2750"]
[BlackElo "2766"]
[Annotator "TA"]
[PlyCount "124"]
[EventDate "2022.05.19"]
[EventType "tourn"]
[EventCountry "POL"]
[SourceTitle "playchess.com"]
[Source "ChessBase"]
[SourceQuality "1"]
[TimeControl "1500+10"]

1. e4 e5 2. Nf3 Nc6 3. Bb5 Nf6 4. d3 Bc5 5. c3 d5 6. exd5 {[%emt 0:00:15] C65: Ruy Lopez: Berlin Defence (3...Nf6), unusual lines and 4 0-0 Bc5.} Qxd5 7. Bc4 Qd6 8. Nbd2 {[%emt 0:00:25] Prevents e4. The position is equal.} O-O 9. b4 Bb6 10. a4 {[%emt 0:01:38] Threatens to win with a5.} Bf5 $40 {[%emt 0:04:17][%mdl 128] [#] Black attacks.} 11. a5 $146 {[%emt 0:09:20] [#]} ({Predecessor:} 11. Ba3 e4 12. dxe4 Nxe4 13. Nxe4 Bxe4 14. Qxd6 cxd6 15. O-O-O Rac8 16. Bd5 Bxd5 17. Rxd5 {½-½ (32) Yu,Y (2704)-Deac,B (2643) Riga 2021}) 11... Bxf2+ 12. Kxf2 Bxd3 13. Bxd3 Qxd3 14. Qe2 Qxc3 15. Ra3 Qxb4 (15... Ng4+ 16. Kg3 Qxb4 17. Qc4 $11) 16. Qc4 e4 17. Ne5 Rad8 18. Qxb4 Nxb4 19. Ndc4 Rfe8 (19... Nfd5 $17 {...f6 is the strong threat.} 20. Rf1 f6) 20. Bg5 $15 Rd4 21. Be3 {[%emt 0:02:01] [#]} Ng4+ $1 22. Nxg4 Rxc4 23. Bxa7 (23. Bd2 $1 $11) 23... Nd3+ $17 24. Kg3 f5 {[%emt 0:00:19] Hoping for ...c5. Black is more active.} 25. Rb1 $2 {[%emt 0:00:25] Now White is beyond hope.} (25. Nf2 $17 {was the only defense.} f4+ 26. Kg4) 25... c5 $19 {[%emt 0:01:01] And now ...h5 would win.} (25... fxg4 26. Rxb7 Ne1 27. a6 $11) 26. Rxb7 {[%emt 0:01:12] [#] Black must now prevent Rb8.} e3 $1 27. Nh6+ ({Don't play} 27. Rxd3 Rxg4+ 28. Kh3 e2 $19) 27... gxh6 {[%emt 0:00:02] Really sharp!} 28. Rxd3 e2 29. Rb1 e1=Q+ 30. Rxe1 Rxe1 {[%emt 0:00:01][%mdl 4096] Endgame KRR-KRB} 31. Rd5 Re3+ 32. Kf2 Ra3 {[%emt 0:00:02] aiming for ...Rc2+.} 33. Rxc5 Rxc5 34. Bxc5 Rxa5 {[%emt 0:00:01] KR-KB} 35. Be3 Kg7 36. Kf3 Ra4 37. Bf4 Ra3+ 38. Kf2 $2 (38. Be3 $19) 38... h5 39. Be3 Kf6 40. Bf4 Ke6 41. Bb8 Kd5 42. h3 Ke4 43. Bc7 Rc3 44. Bb8 Rc8 45. Ba7 Rc1 46. Ke2 Rc7 47. Bb6 Rc2+ 48. Kf1 Kf4 49. Bf2 Rc1+ 50. Ke2 Rb1 (50... Ra1 $142 51. Bh4 Ra2+ 52. Kf1 Ke3 53. Bf6 Rd2 54. Kg1 Rd5 55. Bh8 f4 56. Kh2 Rg5 57. Bf6 h6 58. Kh1 Kf2 59. Bxg5 hxg5 60. Kh2 g4 61. hxg4 hxg4 62. Kh1 Ke3 63. Kg1 g3 64. Kh1 Ke2 65. Kg1 Ke1 66. Kh1 f3 67. gxf3 Kf2 68. f4 g2+ 69. Kh2 g1=Q+ 70. Kh3 Qg3#) 51. Bh4 h6 (51... Rb2+ $142 52. Kf1 Ke3) 52. Kf2 (52. Bf2 $19) 52... Rb2+ {[%emt 0:00:05] Black mates.} 53. Kg1 Ke3 54. Kh1 Ke2 55. Kg1 Rb1+ 56. Kh2 Kf1 57. Bf6 Rb6 58. Be5 Re6 59. Bf4 Re2 60. Kg3 h4+ 61. Kxh4 Kxg2 62. Bxh6 Re4+ {[%emt 0:00:03] Weighted Error Value: White=0.33/Black=0.04 (flawless)} 0-1

[Event "Superbet Rapid Poland 2022"]
[Site "Warsaw"]
[Date "2022.05.20"]
[Round "5.4"]
[White "Gavrilescu, David"]
[Black "Wojtaszek, Radoslaw"]
[Result "1/2-1/2"]
[ECO "B52"]
[WhiteElo "2518"]
[BlackElo "2696"]
[Annotator "TA"]
[PlyCount "84"]
[EventDate "2022.05.19"]
[EventType "tourn"]
[EventCountry "POL"]
[SourceTitle "playchess.com"]
[Source "ChessBase"]
[SourceQuality "1"]
[TimeControl "1500+10"]

1. e4 c5 2. Nf3 d6 3. Bb5+ Bd7 4. c4 Nf6 5. Nc3 g6 6. d4 {[%emt 0:00:21] B52: Sicilian: Moscow Variation with 3...Bd7.} cxd4 7. Nxd4 Bg7 8. O-O {[%emt 0:01:41] White is slightly better.} O-O 9. h3 a6 10. Bxd7 Nbxd7 11. b3 Rc8 12. Bb2 Qa5 {[%emt 0:00:28] [#]} 13. Nd5 $146 ({Predecessor:} 13. Re1 Rfe8 14. Qd2 Ne5 15. Rad1 Nc6 16. Na4 Qxd2 17. Rxd2 Nxd4 18. Bxd4 Nd7 19. Bxg7 Kxg7 {½-½ (47) Alekseev,E (2707)-Antipov,M (2515) St Petersburg 2013}) 13... Rfe8 14. Re1 e6 15. Nxf6+ Nxf6 16. Qd3 d5 17. exd5 exd5 18. Rxe8+ Rxe8 19. Nf3 dxc4 (19... Qc5 {is more complex.} 20. cxd5 Nxd5 21. Bxg7 Kxg7 22. Rd1 Nc3) 20. Qxc4 Qd5 21. Qxd5 Nxd5 22. Bxg7 Kxg7 $11 {[%emt 0:00:01][%mdl 4096] Endgame KRN-KRN} 23. Rd1 Nf6 24. Rd2 Rc8 25. g3 Ne4 26. Rd4 f5 27. Nd2 ({Reject} 27. Rd7+ Kf6 28. Nd2 (28. Rxb7 Rc1+ 29. Kg2 Rc2 $15) 28... Ke6 $15) 27... Rc1+ 28. Kg2 Rd1 29. Nf3 Rxd4 30. Nxd4 {[%emt 0:00:02] KN-KN} Kf6 31. f4 Ke7 32. Kf3 Kd6 (32... Nc3 $11) 33. g4 $1 $15 Kd5 {[%emt 0:00:13] The position is equal.} 34. Nc2 Nc3 35. gxf5 gxf5 36. a3 Nb5 {[%emt 0:00:23] [#] Strongly threatening ...Nd4+.} 37. Ke3 {[%emt 0:00:08] Against Nd4} a5 38. Kd3 Nd6 39. Ne3+ Kc5 40. Nc2 Kd5 41. Ne3+ Kc5 42. Nc2 Kd5 {[%emt 0:00:11] A balanced but interesting game.  Weighted Error Value: White=0.03 (flawless) /Black=0.03 (flawless)} 1/2-1/2

[Event "Superbet Rapid Poland 2022"]
[Site "Warsaw"]
[Date "2022.05.20"]
[Round "5.5"]
[White "Caruana, Fabiano"]
[Black "Rapport, Richard"]
[Result "0-1"]
[ECO "C18"]
[WhiteElo "2786"]
[BlackElo "2776"]
[Annotator "TA"]
[PlyCount "140"]
[EventDate "2022.05.19"]
[EventType "tourn"]
[EventCountry "POL"]
[SourceTitle "playchess.com"]
[Source "ChessBase"]
[SourceQuality "1"]
[TimeControl "1500+10"]

1. e4 e6 2. d4 d5 3. Nc3 Bb4 4. e5 c5 5. a3 Bxc3+ 6. bxc3 Qc7 7. Qg4 f6 8. Nf3 c4 9. Qh5+ {[%emt 0:00:17] C18: French: 3 Nc3 Bb4: Main line: 7 h4 and 7 Qg4.} Qf7 10. Qxf7+ Kxf7 {[%emt 0:00:02] [#]} 11. g4 $146 {[%emt 0:00:40] White is slightly better.} ({Predecessor:} 11. Be2 Nc6 12. O-O Nge7 13. exf6 gxf6 14. Re1 Bd7 15. h3 b5 16. Nh4 a5 17. Bg4 {0-1 (40) Meinczinger,T (1200)-Poblete,L (1204) IECG email 2001}) 11... Bd7 12. Bf4 Nc6 13. h4 h5 14. gxh5 Rxh5 {[%emt 0:01:18] Threatens to win with ...Rf5.} 15. Be2 Rh7 16. Kd2 Nce7 17. h5 Nf5 18. Rag1 Nge7 19. Nh2 Rah8 20. Ng4 Be8 (20... Rxh5 $2 21. Rxh5 Rxh5 22. exf6 $18 (22. Nxf6 Rh4 $11)) 21. Rh2 Ng8 (21... Rxh5 $2 22. Rxh5 Rxh5 23. exf6 (23. Nxf6 Rh4 $11) 23... gxf6 {[#]} 24. Nxf6 $1 $18 (24. Ne5+ Kf8 $16)) 22. Ne3 Nxe3 23. fxe3 f5 24. Rhg2 Kf8 25. Kc1 Bxh5 26. Bxh5 Rxh5 27. Rxg7 Ne7 28. Kb2 Rg8 (28... R8h7 $5 29. Rxh7 Rxh7 $15) 29. Rxg8+ Nxg8 $11 {[%emt 0:00:02][%mdl 4096] Endgame KRB-KRN} 30. a4 Ne7 31. Ka3 Nc6 32. Rg6 Kf7 33. Rf6+ Ke7 34. Bh6 Rh2 35. Kb2 Rg2 36. Bf8+ Kd7 37. Bd6 {[%emt 0:00:25] And now Rf7+ would win.} Rg7 {[%emt 0:00:17] Inhibits Rf7+.} 38. Rf8 Nd8 39. Bc5 b6 40. Bd6 Rg3 41. Bb8 Nc6 (41... Rxe3 42. Bxa7 Kc7 43. Rh8 $16) 42. Bd6 {[%emt 0:00:03] Black must now prevent Rf7+.} Nd8 {[%emt 0:00:56] Against Rf7+} (42... Rxe3 $2 43. Rf7+ Ke8 44. Rc7 $18) 43. Bb8 a5 (43... Rxe3 44. Bxa7 Kc7 45. Rh8 $16) 44. Ba7 Rxe3 45. Bxb6 Nb7 46. Rf7+ Kc6 47. Ba7 Rg3 48. Rf6 Nd8 49. Bc5 Rg7 {[%emt 0:00:03] Against Be7} 50. Rf8 Nb7 51. Ba3 Kd7 52. Kc1 Nd8 53. Bc5 Rf7 54. Rh8 f4 55. Kd2 f3 {[%emt 0:00:02] Strongly threatening ...f2.} 56. Ke1 f2+ 57. Kf1 Rf3 58. Rh7+ Kc6 59. Be7 Nf7 60. Bf6 {[%emt 0:00:05] [#]} (60. Bh4 $14 {stays ahead.}) 60... Nd6 $1 $17 61. exd6 {[%emt 0:00:25] White threatens d7 and mate.} Rxf6 {[%emt 0:00:01] KR-KR} 62. Ra7 Kxd6 {[%emt 0:00:04] Hoping for ...Rf3.} 63. Ra6+ Kc7 64. Rxa5 Rf3 65. Rc5+ Kb7 {[%emt 0:00:23] Black is more active.} 66. a5 $2 {[%emt 0:00:01][%mdl 8192] This costs White the game.} (66. Rb5+ $17 Kc7 67. Rb2) 66... Rxc3 $19 {[%emt 0:00:55] Black is clearly winning.} 67. Kxf2 Rxc2+ 68. Ke3 Rh2 69. Kf4 Re2 70. Kg5 Rf2 {[%emt 0:00:11] Weighted Error Value: White=0.07 (flawless) /Black=0.01 (flawless)} 0-1